 Dungeon Crawl Stone Soup version 0.28.0-43-g3370ac3207 (webtiles) character file.

Game seed: 16104578991963968597

1186 Woods the Thaumaturge (level 8, 0/57 HPs)
             Began as a Pale Draconian Ice Elementalist on Mar 7, 2022.
             Slain by Grinder (9 damage)
             ... on level 6 of the Dungeon.
             The game lasted 00:13:28 (6811 turns).

Woods the Thaumaturge (DrIE)                        Turns: 6811, Time: 00:13:29

Health: 0/57       AC:  8    Str: 10    XL:     8   Next: 19%
Magic:  5/20       EV: 12    Int: 17    God:
Gold:   361        SH:  5    Dex: 13    Spells: 12/23 levels left

rFire   . . .      SeeInvis .   h - +3 quarterstaff (chaos)
rCold   . . .      Faith    .   (shield currently unavailable)
rNeg    . . .      Spirit   .   (armour unavailable)
rPois   .          Reflect  +   (helmet restricted)
rElec   .          Harm     .   i - +0 cloak
rCorr   .          Rampage  .   (no gloves)
Will    .....                   o - +0 pair of boots
Stlth   ++........              b - amulet of reflection
HPRegen 0.19/turn               (no ring)
MPRegen 0.17/turn               (no ring)

@: freezing walls
A: breathe steam, AC +6, unfitting armour, cold-blooded, steam resistance
a: Breathe Steam


You were on level 6 of the Dungeon.
You visited 1 branch of the dungeon, and saw 6 of its levels.
You also visited: Sewer.

You collected 361 gold pieces.

Inventory:

Hand Weapons
 h - a +3 quarterstaff of chaos (weapon)
Armour
 i - a +0 cloak (worn)
 o - a +0 pair of boots (worn)
Magical Staves
 f - a staff of conjuration
Jewellery
 b - an amulet of reflection (around neck)
 w - a +4 ring of protection
Wands
 k - a wand of acid (12)
 m - a wand of digging (3)
Scrolls
 a - 2 scrolls of immolation {unknown}
 g - 2 scrolls of teleportation {unknown}
 j - 3 scrolls of identify {unknown}
 n - a scroll of holy word {unknown}
 p - 2 scrolls of fog {unknown}
 r - a scroll of noise {unknown}
 u - a scroll of torment {unknown}
 x - a scroll of enchant armour {unknown}
Potions
 c - 2 potions of curing {unknown}
 d - 5 potions of ambrosia {unknown}
 e - a potion of heal wounds {unknown}
 l - 3 potions of haste {unknown}
 q - 2 potions of flight {unknown}
 s - a potion of cancellation {unknown}
 t - a potion of attraction {unknown}
 v - a potion of berserk rage {unknown}


   Skills:
 - Level 1.7 Dodging
 - Level 1.7 Stealth
 + Level 8.3 Spellcasting
 - Level 6.0 Ice Magic


You had 12 spell levels left.
You knew the following spells:

 Your Spells              Type           Power      Damage    Failure   Level
a - Freeze                Ice            100%       1d11      1%          1
b - Frozen Ramparts       Ice            54%        1d7       2%          3
c - Ozocubu's Armour      Ice            27%        N/A       2%          3
d - Hailstorm             Conj/Ice       17%        3d6       30%         4

Your spell library contained the following spells:

 Spells                   Type           Power      Damage    Failure   Level
 Ensorcelled Hibernation  Hex/Ice        34%        N/A       4%          2
 Magic Dart               Conj           28%        1d4       11%         1
 Call Imp                 Summ           7%         N/A       16%         2
 Corpse Rot               Necr/Air       14%        N/A       16%         2
 Confusing Touch          Hex            7%         N/A       30%         3
 Mephitic Cloud           Conj/Pois/Air  7%         N/A       30%         3
 Spider Form              Tmut/Pois      7%         N/A       30%         3
 Anguish                  Hex/Necr       3%         N/A       71%         4
 Dispel Undead            Necr           7%         3d8       71%         4
 Yara's Violent Unravell  Hex/Tmut       3%         3d4       96%         5
 Conjure Ball Lightning   Conj/Air       3%         3x3d6     100%        6
 Death Channel            Necr           3%         N/A       100%        6
 Enfeeble                 Hex            3%         N/A       100%        7
 Discord                  Hex            3%         N/A       100%        8
 Disjunction              Tloc           3%         N/A       100%        8


Dungeon Overview and Level Annotations

Branches:
Dungeon (6/15)              Sewer (visited)
 Temple: D:4-7

Altars:

Annotations:
D:3 3 runed translucent doors, bromine's ghost, amateur GnBe
D:6 Grinder; Maggie


Innate Abilities, Weirdness & Mutations

You can breathe blasts of scalding, opaque steam.
Your pale cyan-grey scales are hard. (AC +6)
You cannot fit into any form of body armour.
You are cold-blooded and may be slowed by cold attacks.
You are immune to the effects of steam.


Message History

Casting: Frozen Ramparts (dangerous; 2% risk of failure)
Press: ? - help, Dir - look around, f - activate The walls around you are covered in ice.
Grinder completely resists.
The wall freezes Grinder but does no damage.
Grinder gestures at you. You resist with some effort.
Grinder completely resists.
The wall freezes Grinder but does no damage.
Grinder blinks!
Aiming: Freeze (safe; 1% risk of failure)
Press: ? - help, Q - select action, (/) - cycle Shift-Dir - straight line, f - Grinder
Aim: Grinder (severely wounded)
You freeze Grinder.
Grinder resists.
Grinder is severely wounded.
Grinder completely resists.
The wall freezes Grinder but does no damage.
Grinder gestures at you. Pain shoots through your body!
* * * LOW HITPOINT WARNING * * *
Aiming: Freeze (safe; 1% risk of failure)
Press: ? - help, Q - select action, (/) - cycle Shift-Dir - straight line, f/p - Grinder
Aim: Grinder (severely wounded)
You freeze Grinder but do no damage.
Grinder completely resists.
Grinder completely resists.
The wall freezes Grinder but does no damage.
Grinder closely misses you.
Aiming: Freeze (safe; 1% risk of failure)
Press: ? - help, Q - select action, (/) - cycle Shift-Dir - straight line, f/p - Grinder
Aim: Grinder (severely wounded)
You freeze Grinder.
Grinder resists.
Grinder is almost dead.
Grinder resists.
The wall freezes Grinder.
You block Grinder's attack.
Aiming: Freeze (safe; 1% risk of failure)
Press: ? - help, Q - select action, (/) - cycle Shift-Dir - straight line, f/p - Grinder
Aim: Grinder (almost dead)
You freeze Grinder.
Grinder resists.
Grinder is almost dead.
Grinder resists.
The wall freezes Grinder.
Grinder hits you!
You die...

#.##..........#
..........5...## #..
......##.......# ...
##.........# ....
#...#..#.### .....
#...####...# ... #.###
#...## . #..######...# #
#.@...#.....### #
#5............## #
#...#..........# # ##
##.##.......)### #
...#####...).....####
.##...........##....#..##
###...........###...####
####.................#
.#...............##..#


You could see Grinder.

Vanquished Creatures
  2 water moccasins
  3 ogres
  2 centaurs (D:5)
  2 scorpions (D:5)
  2 jellies
  A bullfrog skeleton (D:5)
  A hound (D:5)
  Crazy Yiuf (D:2)
  2 iguanas (D:4)
  Ijyb (D:3)
  2 hound skeletons (D:4)
  Robin (D:2)
  5 adders
  2 shadow imps
  2 adder skeletons
  A worm (D:3)
  2 orcs (D:4)
  14 endoplasms
  6 giant cockroaches
  24 goblins
  11 hobgoblins
  8 jackals
  4 kobolds
  6 quokkas
  4 ball pythons
  2 bats
  4 frilled lizards
  27 rats
  A bush (D:5)
143 creatures vanquished.

Notes
Turn   | Place    | Note
-------+----------+-------------------------------------------
     0 | D:1      | Woods the Draconian Ice Elementalist began the quest for
                  | the Orb.
     0 | D:1      | Reached XP level 1. HP: 14/14 MP: 3/3
   381 | D:1      | Reached XP level 2. HP: 20/20 MP: 1/5
  1126 | D:1      | Reached XP level 3. HP: 26/26 MP: 2/7
  1444 | D:1      | Learned a level 3 spell: Frozen Ramparts
  1448 | D:1      | Learned a level 3 spell: Ozocubu's Armour
  1492 | D:2      | Noticed Robin
  1622 | D:2      | Reached skill level 3 in Spellcasting
  1695 | D:2      | Noticed an ogre
  2073 | D:2      | Reached XP level 4. HP: 33/33 MP: 2/8
  2122 | D:2      | Killed Robin
  2123 | D:2      | Reached skill level 5 in Ice Magic
  2732 | D:2      | Killed an ogre
  2733 | D:2      | Reached skill level 4 in Spellcasting
  2733 | D:2      | Reached XP level 5. HP: 15/38 MP: 3/11
  2959 | D:2      | Found a runed translucent door.
  2960 | D:2      | Noticed Crazy Yiuf
  2967 | D:2      | Killed Crazy Yiuf
  3222 | D:3      | You fall into a shaft and drop 2 floors!
  3222 | D:5      | Entered Level 5 of the Dungeon
  3269 | D:3      | Noticed Ijyb
  3274 | D:3      | Killed Ijyb
  3275 | D:3      | Reached XP level 6. HP: 38/45 MP: 5/12
  3438 | D:3      | Found a glowing drain.
  3442 | Sewer    | Entered a sewer
  3529 | Sewer    | Noticed a water moccasin
  3538 | Sewer    | Killed a water moccasin
  3539 | Sewer    | Reached skill level 5 in Spellcasting
  4337 | D:3      | Found a runed translucent gate.
  4338 | D:3      | Found a runed translucent gate.
  4338 | D:3      | Found a runed translucent gate.
  4340 | D:3      | Noticed bromine's ghost (amateur GnBe)
  4361 | D:3      | Found a faded altar of an unknown god.
  5181 | D:4      | Your scales start taking on a pale cyan-grey colour.
  5181 | D:4      | Reached XP level 7. HP: 33/50 MP: 15/15
  5181 | D:4      | Gained mutation: You are immune to the effects of steam.
                  | [Pale Draconian growth]
  5186 | D:4      | Learned a level 4 spell: Hailstorm
  5539 | D:5      | Reached skill level 6 in Spellcasting
  5745 | D:5      | Reached skill level 7 in Spellcasting
  6250 | D:5      | Reached XP level 8. HP: 42/57 MP: 14/19
  6440 | D:6      | Noticed Maggie
  6559 | D:6      | Reached skill level 8 in Spellcasting
  6748 | D:6      | Noticed Grinder
  6770 | D:6      | Paralysed by Grinder for 6 turns
  6811 | D:6      | Slain by Grinder

Illustrated notes

Levels and vault maps discovered:
D:1:      dpeg_arrival_leaves_temple_mockup, layout_basic, minmay_pentomino_u2
D:2:      cheibrodos_greedy_goblins, layout_rooms, minmay_rat_hole, uniq_robin,
          uniq_crazy_yiuf_cottage
D:3:      layout_loops_corners, dreamdust_ecumenical_altar_grove,
          gup_sewer_entry_spiral, gammafunk_ghost_necromancy, uniq_ijyb
D:4:      nicolae_cairo_tiling, layout_rooms, minmay_fractal_squares_5
D:5:      nicolae_cairo_tiling_large_dashed, layout_loops_ring,
          kennysheep_donut, nrook_mini_backslash, eino_tiny_chamber,
          hangedman_decor_slide_cut, kb_lookout_dungeons_type,
          hangedman_decor_peaks_small
D:6:      layout_cave_pools, hangedman_abyss_or_decor_slice, minmay_door_square,
          st_stairs_5, grunt_ministairs_12, uniq_maggie, uniq_grinder

Skill      XL: |  1  2  3  4  5  6  7  8 |
---------------+-------------------------+-----
Spellcasting   | 3 4 5 7 8 |  8.3
Ice Magic      | 5 6 |  6.0
Dodging        | |  1.7
Stealth        | |  1.7

Action                   |  1- 3 |  4- 6 |  7- 9 || total
-------------------------+-------+-------+-------++-------
Melee: Unarmed           |    10 |       |       ||    10
       Tailslap          |     1 |     2 |    20 ||    23
       Quarterstaff      |       |    25 |    72 ||    97
 Cast: Freeze            |    54 |    44 |    13 ||   111
       Frozen Ramparts   |     5 |    13 |    17 ||    35
       Ozocubu's Armour  |       |       |     2 ||     2
 Abil: Breathe Steam     |       |       |     3 ||     3
 Stab: Sleeping          |       |     2 |       ||     2
Armor: Skin              |    15 |    14 |    25 ||    54
Dodge: Dodged            |    42 |    25 |    39 ||   106
Block: Other             |    11 |    18 |     8 ||    37
       Reflection        |     2 |       |     1 ||     3
